 Dungeon Sprint DCSS version 0.22.1-1-ga44c0e56f4 (webtiles) character file.

142 MuseOD the Covert (level 5, -12/28 HPs)
             Began as a Spriggan Enchanter on Sept 22, 2018.
             Was an Initiate of Dithmenos.
             Mangled by a spiny frog (15 damage)
             ... in the Dungeon (Sprint II: "The Violet Keep of Menkaure").
             The game lasted 00:00:54 (122 turns).

MuseOD the Covert (Spriggan Enchanter)               Turns: 122, Time: 00:00:55

Health: -12/28     AC:  2    Str:  4    XL:     5   Next: 4%
Magic:  7/12       EV: 18    Int: 18    God:    Dithmenos [......]
Gold:   243        SH:  0    Dex: 16    Spells: 3/12 levels left

rFire    . . .     SeeInvis +   a - +1 dagger
rCold    . . .     Gourm    .   (shield restricted)
rNeg     . . .     Faith    .   b - +0 robe
rPois    .         Spirit   .   (helmet restricted)
rElec    .         Reflect  .   (no cloak)
rCorr    .         Harm     .   (gloves unavailable)
MR       .....     NoTele   +   (boots unavailable)
Stlth    ++++......             (no amulet)
HPRegen  0.09/turn              (no ring)
MPRegen  0.13/turn              (no ring)

@: lethally poisoned (-12 -> -24), very quick
A: very small, unfitting armour, see invisible, herbivore, speed 3, slow
metabolism 2
a: Renounce Religion


You were in the Dungeon.
You worshipped Dithmenos.
Dithmenos was noncommittal.
You were not hungry.

You visited 1 branch You collected 243 gold pieces.

Inventory:

Hand Weapons
 a - a +1 dagger (weapon)
Armour
 b - a +0 robe (worn)
Scrolls
 j - a scroll of blinking
Potions
 e - a potion of curing
 f - a potion of heal wounds
 g - a potion of haste
 h - a potion of magic
Comestibles
 d - a ration


   Skills:
 - Level 3.4 Fighting
 - Level 6.8 Short Blades
 - Level 3.0 Dodging
 + Level 9.2 Stealth
 + Level 4.2 Spellcasting
 + Level 4.9 Hexes


You had 3 spell levels left.
You knew the following spells:

 Your Spells              Type           Power        Failure   Level  Hunger
a - Corona                Hex            ###....      1%          1    None
b - Ensorcelled Hibernat  Hex/Ice        ##....       8%          2    ##.....
c - Confuse               Hex            ###.....     5%          3    ###....
d - Dazzling Spray        Conj/Hex       ##....       16%         3    ###....

Your spell library contained the following spells:

 Spells                   Type           Power        Failure   Level  Hunger
 Tukima's Dance           Hex            ###.....     5%          3    ###....


Dungeon Overview and Level Annotations

Branches:
Dungeon (1/1)

Altars:
Cheibriados
Dithmenos
Elyvilon
Fedhas
Gozag
Hepliaklqana
Kikubaaqudgha
Makhleb
Nemelex Xobeh
Okawaru
Qazlal
Ru
Sif Muna
Trog
Uskayaw
Vehumet
Wu Jian
Xom
Yredelemnul
Zin
The Shining One
Beogh
Jiyva
Lugonu


Innate Abilities, Weirdness & Mutations

You are very small and have problems with some larger weapons.
You are too small for most types of armour.
You have supernaturally acute eyesight. (SInv)
You are a herbivore.
You cover ground extremely quickly.
You need to consume almost no food.


Message History

Casting: Confuse (safe; 5% risk of failure)
Confirm with . or Enter, or press ? or * to list all spells.
Aiming: Confuse (safe; 5% risk of failure)
Press: ? - help, Shift-Dir - straight line, f/p - spiny frog
Aim: a spiny frog (confused, chance to defeat MR: 50%)
The spiny frog resists with significant effort.
The spiny frog stings you!
* * * LOW HITPOINT WARNING * * *
You are lethally poisoned!
The spiny frog poisons you!
Casting: Confuse (safe; 5% risk of failure)
Confirm with . or Enter, or press ? or * to list all spells.
Aiming: Confuse (safe; 5% risk of failure)
Press: ? - help, Shift-Dir - straight line, f - spiny frog
Aim: a spiny frog (chance to defeat MR: 50%)
The spiny frog resists with significant effort.
* * * LOW HITPOINT WARNING * * *
You feel sick. The spiny frog stings you!
Ouch! That really hurt!
You die...

.. .. .. .. #. .#### +.###
...# ...# ###..#####..# [!%
#+###.##..#[.F..# ▓!=[)(
##.##..##..#.$#@.# #▓%)%?$[[
+.<.+##.'.§####..####▓)($[$$%
##.##..##.§..###...##▓▓▓▓▓▓▓+
#+###.##..§...≈≈≈≈≈≈≈≈≈≈≈≈≈
###≈≈...§.≈#'########+##
#≈≈≈≈≈≈≈..≈#.._.....#§≈§
#≈≈≈≈≈≈≈≈.≈#._._....#t§≈
#≈≈≈≈§§≈§§§≈#_._._...#§≈≈
≈≈≈§≈§§≈§§§≈#._._._..#§§t


You could see a spiny frog.

Vanquished Creatures
  Menkaure (D)
  4 worker ants (D)
5 creatures vanquished.

Vanquished Creatures (others)
  A crocodile (D)
1 creature vanquished.

Grand Total: 6 creatures vanquished

Notes
Turn   | Place    | Note
-------+----------+-------------------------------------------
     0 | D        | MuseOD the Spriggan Enchanter began the quest for the Orb.
     0 | D        | Reached XP level 1. HP: 9/9 MP: 5/5
     1 | D        | Noticed a worker ant
     1 | D        | Noticed a worker ant
     1 | D        | Noticed a worker ant
     1 | D        | Noticed a worker ant
     8 | D        | Killed a worker ant
     8 | D        | Reached skill level 6 in Stealth
     8 | D        | Reached XP level 2. HP: 10/15 MP: 6/6
    14 | D        | Reached skill level 5 in Short Blades
    14 | D        | Reached skill level 7 in Stealth
    14 | D        | Reached XP level 3. HP: 13/19 MP: 8/8
    18 | D        | Reached XP level 4. HP: 17/24 MP: 9/9
    30 | D        | Reached skill level 8 in Stealth
    36 | D        | Killed a crocodile
    38 | D        | Learned a level 2 spell: Ensorcelled Hibernation
    42 | D        | Learned a level 3 spell: Confuse
    69 | D        | Found a stormy altar of Qazlal.
    72 | D        | Found a hazy altar of Hepliaklqana.
    72 | D        | Found a sacrificial altar of Ru.
    72 | D        | Found an ornate altar of the Wu Jian Council.
    72 | D        | Noticed Menkaure
    73 | D        | Found a roughly hewn altar of Beogh.
    73 | D        | Found a viscous altar of Jiyva.
    73 | D        | Found a deep blue altar of Sif Muna.
    74 | D        | Found a snail-covered altar of Cheibriados.
    74 | D        | Found an ancient bone altar of Kikubaaqudgha.
    74 | D        | Found a shimmering altar of Xom.
    74 | D        | Found a bloodstained altar of Trog.
    78 | D        | Found a shadowy altar of Dithmenos.
    78 | D        | Found a corrupted altar of Lugonu.
    79 | D        | Found a white marble altar of Elyvilon.
    79 | D        | Found a burning altar of Makhleb.
    80 | D        | Found a blossoming altar of Fedhas.
    81 | D        | Found an opulent altar of Gozag.
    85 | D        | Killed Menkaure
    85 | D        | Reached skill level 9 in Stealth
    85 | D        | Reached XP level 5. HP: 14/28 MP: 0/12
    86 | D        | Found a glowing golden altar of the Shining One.
    86 | D        | Found a basalt altar of Yredelemnul.
    86 | D        | Found a hide-covered altar of Uskayaw.
    86 | D        | Found a sparkling altar of Nemelex Xobeh.
    87 | D        | Found a glowing silver altar of Zin.
    87 | D        | Found a radiant altar of Vehumet.
    87 | D        | Found an iron altar of Okawaru.
    90 | D        | Noticed a crocodile
    91 | D        | Noticed a crocodile
    92 | D        | Became a worshipper of Dithmenos the Shadowed
    97 | D        | Learned a level 3 spell: Dazzling Spray
   116 | D        | Noticed a spiny frog
   117 | D        | Noticed a spiny frog
   122 | D        | Mangled by a spiny frog

Skill      XL: |  1  2  3  4 |
---------------+-------------+-----
Fighting       | 2 3 |  3.4
Short Blades   | 4 5 6 |  6.8
Stealth        | 6 7 9 |  9.2
Spellcasting   | 4 |  4.2
Hexes          | 4 |  4.9
Dodging        | |  3.0

Action                   |  1- 3 |  4- 6 || total
-------------------------+-------+-------++-------
Melee: Dagger            |    16 |    16 ||    32
 Cast: Confuse           |       |     5 ||     5
  Use: Potion            |     1 |     1 ||     2
 Stab: Confused          |       |     1 ||     1
Armor: Robe              |       |     1 ||     1
Dodge: Dodged            |     7 |    10 ||    17
